 Dungeon Crawl Stone Soup version 0.29.1-12-g30fa7ad0bf (webtiles) character file.

Game seed: 14674034336590951217

43535 Coaxmetal the Fighter (level 14, -6/94 HPs)
             Began as a Gargoyle Earth Elementalist on Dec 16, 2022.
             Was an Elder of Vehumet.
             Mangled by a red ugly thing (33 damage)
             ... on level 15 of the Dungeon.
             The game lasted 01:08:00 (24637 turns).

Coaxmetal the Fighter (GrEE)                       Turns: 24637, Time: 01:08:01

Health: -6/94      AC: 22    Str: 13    XL:     14   Next: 24%
Magic:  16/36      EV: 16    Int: 20    God:    Vehumet [****..]
Gold:   1199       SH:  9    Dex: 17    Spells: 9/32 levels left

rFire   x . .      SeeInvis +   a - +7 flail "Deusse" {flame, rF- rN++ Int+2 Dex-3}
rCold   + . .      Faith    .   X - +0 buckler
rNeg    + + +      Spirit   .   Y - +5 robe of Night {Dark Will+ SInv}
rPois   ∞          Reflect  +   K - +1 helmet
rElec   +          Harm     .   P - +1 cloak
rCorr   .          Rampage  .   (no gloves)
Will    +++..      Clarity  +   (no boots)
Stlth   +++.......              F - amulet of reflection
HPRegen 0.25/turn               q - +6 ring of dexterity
MPRegen 0.25/turn               w - ring of magical power

@: flying
A: sickness immunity, AC +10, big wings, negative energy resistance 1,
electricity resistance, torment resistance 1, petrification resistance, agile 1,
clarity, cold resistance 1, strong-willed 1
a: Renounce Religion


You were on level 15 of the Dungeon.
You worshipped Vehumet.
Vehumet was greatly pleased with you.
You visited 2 branches of the dungeon, and saw 16 of its levels.
You also visited: Ossuary.

You collected 1199 gold pieces.

Inventory:

Hand Weapons
 a - the +7 flail "Deusse" (weapon) {flame, rF- rN++ Int+2 Dex-3}
   (You found it on level 7 of the Dungeon)

   It burns those it strikes, dealing additional fire damage.
   Int:       It affects your intelligence (+2).
   Dex:       It affects your dexterity (-3).
   rF:        It makes you vulnerable to fire.
   rN:        It greatly protects you from negative energy.
 b - a +0 sling
 J - a +5 whip of flaming
 O - a +1 demon trident of electrocution
Missiles
 e - 134 stones (quivered)
 f - 2 throwing nets
Armour
 K - a +1 helmet (worn)
 L - +0 steam dragon scales
 P - a +1 cloak (worn)
 X - a +0 buckler (worn)
 Y - the +5 robe of Night (worn) {Dark Will+ SInv}
   (You found it on level 14 of the Dungeon)

   It shrouds the wearer in darkness, reducing the range at which they can see
   and be seen by others.
   SInv:      It lets you see invisible.
   Will:      It increases your willpower.
Jewellery
 q - a +6 ring of dexterity (left hand)
 w - a ring of magical power (right hand)
 F - an amulet of reflection (around neck)
 N - an amulet of faith
 W - a +6 ring of dexterity
Wands
 E - a wand of flame (9)
 M - a wand of iceblast (4)
 Q - a wand of charming (9)
 R - a wand of polymorph (3)
Scrolls
 c - a scroll of vulnerability
 d - 12 scrolls of teleportation
 i - a scroll of blinking
 k - 15 scrolls of identify
 l - 2 scrolls of noise
 m - a scroll of poison
 r - 4 scrolls of magic mapping
 x - 2 scrolls of fear
 y - 3 scrolls of butterflies
 A - 2 scrolls of immolation
 C - 2 scrolls of enchant armour {unknown}
 D - 5 scrolls of summoning {unknown}
 G - 5 scrolls of enchant weapon
 I - 2 scrolls of silence {unknown}
 S - 3 scrolls of amnesia {unknown}
 T - a scroll of torment {unknown}
 U - 2 scrolls of brand weapon {unknown}
Potions
 g - 2 potions of might
 h - 4 potions of brilliance
 j - 3 potions of attraction
 n - 4 potions of flight
 o - 2 potions of magic
 p - a potion of invisibility {unknown}
 s - 4 potions of degeneration
 t - 3 potions of mutation
 v - a potion of ambrosia {unknown}
 z - 4 potions of lignification
 B - a potion of berserk rage {unknown}
 H - a potion of haste
 V - 2 potions of resistance {unknown}


   Skills:
 + Level 13.4 Fighting
 + Level 5.1 Maces & Flails
 + Level 7.9 Armour
 + Level 8.5 Dodging
 - Level 5.0 Stealth
 + Level 9.6 Spellcasting
 - Level 10.0 Conjurations
 + Level 0.5 Hexes
 - Level 5.0 Summonings
 - Level 1.0 Transmutations
 - Level 5.0 Fire Magic
 + Level 5.1 Earth Magic
 - Level 3.0 Evocations


You had 9 spell levels left.
You knew the following spells:

 Your Spells              Type           Power      Damage    Failure   Level
a - Sandblast             Erth           60%        2d14      1%          1
b - Stone Arrow           Conj/Erth      78%        3d11      1%          3
c - Call Canine Familiar  Summ           29%        N/A       3%          3
d - Conjure Flame         Conj/Fire      39%        6-21      1%          3
e - Flame Wave            Conj/Fire      39%        2d11      1%          4
f - Fireball              Conj/Fire      19%        3d9       3%          5
g - Leda's Liquefaction   Hex/Erth       10%        N/A       30%         4

Your spell library contained the following spells:

 Spells                   Type           Power      Damage    Failure   Level
 Foxfire                  Conj/Fire      100%       2x1d9     1%          1
 Inner Flame              Hex/Fire       20%        N/A       2%          3
 Fulminant Prism          Conj/Hex       15%        3d11      3%          4
 Iskenderun's Mystic Bla  Conj/Tloc      29%        2d7       3%          4
 Passwall                 Tmut/Erth      17%        N/A       4%          2
 Lee's Rapid Deconstruct  Erth           15%        3d11*     9%          5
 Wereblood                Tmut           13%        N/A       10%         2
 Portal Projectile        Hex/Tloc       20%        N/A       26%         3
 Petrify                  Tmut/Erth      21%        N/A       28%         4
 Summon Hydra             Summ           14%        N/A       100%        7
 Sublimation of Blood     Necr           Unusable   N/A       N/A         2

Dungeon Overview and Level Annotations

Branches:
Dungeon (15/15)            Temple (1/1) D:6            Lair (0/5) D:11
    Orc (0/2) D:11         Vaults (0/5) D:14         Depths (0/4) D:15
Ossuary (visited)

Altars:
Ashenzari
Cheibriados
Dithmenos
Elyvilon
Fedhas
Gozag
Hepliaklqana
Kikubaaqudgha
Makhleb
Nemelex Xobeh
Okawaru
Qazlal
Ru
Sif Muna
Trog
Uskayaw
Vehumet
Wu Jian
Xom
Yredelemnul
Zin
The Shining One

Shops:
D:11 [

Annotations:
D:2 1 runed translucent door, Crazy Yiuf


Innate Abilities, Weirdness & Mutations

You are immune to sickness and miasma.
Your stone body is resilient. (AC +10)
You are immune to poison.
Your large and strong wings let you fly.
You resist negative energy. (rN+)
You are resistant to electric shocks. (rElec)
You are resistant to unholy torment.
You are immune to petrification.
You are agile. (Dex +4, Str/Int -1)
You possess an exceptional clarity of mind.
Your flesh is cold resistant. (rC+)
You are strong-willed. (Will+)


Message History

Confirm with . or Enter, or press ? or * to list all spells.
Aiming: Stone Arrow (safe; 1% risk of failure)
Press: ? - help, Shift-Dir - straight line, f/p - red ugly thing
Aim: a red ugly thing (moderately wounded, 74% to hit)
The stone arrow hits the red ugly thing!
The red ugly thing is heavily wounded.
Casting: Stone Arrow (safe; 1% risk of failure)
Confirm with . or Enter, or press ? or * to list all spells.
Aiming: Stone Arrow (safe; 1% risk of failure)
Press: ? - help, Shift-Dir - straight line, f/p - red ugly thing
Aim: a red ugly thing (heavily wounded, 74% to hit)
The stone arrow hits the red ugly thing!
The red ugly thing is severely wounded.
Casting: Stone Arrow (safe; 1% risk of failure)
Confirm with . or Enter, or press ? or * to list all spells.
Okay, then.
You barely miss the red ugly thing.
The red ugly thing is severely wounded.
The red ugly thing punches you!
You are engulfed in flames!!
The fire burns you terribly!
Press: ? - help, v - describe, . - travel
Here: a red ugly thing (severely wounded)
The floor.
Press: ? - help, v - describe, . - travel A rock wall.
Casting: Stone Arrow (safe; 1% risk of failure)
Confirm with . or Enter, or press ? or * to list all spells.
Okay, then.
Okay, then.
Casting: Stone Arrow (safe; 1% risk of failure)
Confirm with . or Enter, or press ? or * to list all spells.
Aiming: Stone Arrow (safe; 1% risk of failure)
Press: ? - help, Shift-Dir - straight line, f/p - red ugly thing
Aim: a red ugly thing (severely wounded, 74% to hit)
The stone arrow misses the red ugly thing.
You hear a horrible gurgling sound!
The red ugly thing punches you.
* * * LOW HITPOINT WARNING * * *
You are engulfed in flames!!
The fire burns you terribly!
You die...

#.......####
#.....#≈≈≈ #.......#
#....≈≈§≈. #......<#
#....§≈≈.. #.......#
#..§≈(≈..> #.......#
#..§.≈.≈.. ###.....#
####...§§≈≈≈. #.....#
#......§.#≈≈≈
#.....###.........§≈#
#.....@u...(.........
#....................
#..[...)...........u.
#..........#######.
#..........#
#..........#


You could see a red ugly thing.

Vanquished Creatures
  Jorgrun (D:13)
  A stone giant (D:15)
  Nessos (D:13)
  Josephine (D:13)
  4 vault guards (D:13)
  Fannar (D:10)
  6 hydras
  A boulder beetle (D:14)
  A catoblepas (D:13)
  3 centaur warriors
  A two-headed ogre (D:14)
  3 satyrs (D:14)
  3 tengu warriors
  Urug (D:13)
  2 shadow wraiths (D:14)
  2 wizards
  An orc knight (D:11)
  2 manticores
  A wolf spider (D:14)
  3 ugly things (D:13)
  2 cyclopes
  Joseph (D:7)
  Maurice (D:10)
  A gargoyle (D:12)
  Maggie (D:8)
  An efreet (D:14)
  An unseen horror (D:12)
  Psyche (D:10)
  A kobold demonologist (D:12)
  6 trolls
  A tengu conjurer (D:14)
  Grinder (D:4)
  A hornet (D:7)
  2 dream sheep (D:14)
  12 slime creatures
  2 shadows
  Sigmund (D:2)
  A vampire (D:10)
  A wyvern (D:9)
  9 wraiths
  13 yaks
  A steam dragon (D:9)
  18 vampire mosquitoes
  2 acid dragons (D:11)
  A water moccasin (D:8)
  2 ice beasts
  2 sky beasts (D:6)
  15 orc warriors
  2 ogres
  A black bear (D:7)
  7 centaurs
  4 phantoms
  4 kobold brigands
  2 necrophages
  4 bullfrogs
  10 scorpions (Ossuary)
  9 killer bees
  3 howler monkeys
  2 centaur zombies (Ossuary)
  A hound (D:6)
  2 gnoll boudas
  2 human zombies (Ossuary)
  12 orc priests
  A jelly (D:6)
  Natasha (D:4)
  2 iguanas
  5 orc wizards
  4 scorpion zombies (Ossuary)
  3 mummies (Ossuary)
  Robin (D:2)
  13 gnolls
  14 adders
  5 white imps
  2 worms
  3 dart slugs
  64 orcs
  4 ball pythons
  8 endoplasms
  6 giant cockroaches
  2 gnoll zombies (Ossuary)
  10 goblins
  20 hobgoblins
  9 jackals
  4 quokkas
  4 bats
  2 frilled lizards
  A goblin zombie (Ossuary)
  A hobgoblin zombie (Ossuary)
  32 kobolds
  2 kobold zombies (Ossuary)
  4 orc zombies (Ossuary)
  7 rats
439 creatures vanquished.

Vanquished Creatures (collateral kills)
  2 deep elf pyromancers
  A kobold brigand (D:9)
  A necrophage (D:8)
  2 orc wizards (D:8)
  An orc (D:8)
  A kobold (D:9)
8 creatures vanquished.

Vanquished Creatures (others)
  13 plants
13 creatures vanquished.

Grand Total: 460 creatures vanquished

Notes
Turn   | Place    | Note
-------+----------+-------------------------------------------
     0 | D:1      | Coaxmetal the Gargoyle Earth Elementalist began the quest
                  | for the Orb.
     0 | D:1      | Reached XP level 1. HP: 10/10 MP: 3/3
   212 | D:1      | Reached skill level 1 in Transmutations
   212 | D:1      | Reached XP level 2. HP: 15/15 MP: 1/5
   796 | D:1      | Reached XP level 3. HP: 20/20 MP: 1/6
  1135 | D:2      | Reached skill level 1 in Fighting
  1208 | D:2      | Noticed Robin
  1323 | D:2      | Reached XP level 4. HP: 25/25 MP: 5/7
  1379 | D:2      | Killed Robin
  1857 | D:2      | Found a runed translucent door.
  1858 | D:2      | Noticed Crazy Yiuf
  2067 | D:2      | Noticed Sigmund
  2078 | D:2      | Learned a level 3 spell: Stone Arrow
  2082 | D:2      | Learned a level 3 spell: Call Canine Familiar
  2122 | D:2      | Killed Sigmund
  2123 | D:2      | Reached skill level 2 in Fighting
  2123 | D:2      | Reached skill level 1 in Summonings
  2123 | D:2      | Reached XP level 5. HP: 26/31 MP: 3/9
  2123 | D:2      | Reached XP level 6. HP: 30/36 MP: 3/10
  2265 | D:2      | Found a faded altar of an unknown god.
  2471 | D:3      | Found a shadowy altar of Dithmenos.
  2471 | D:3      | Found a hazy altar of Hepliaklqana.
  2474 | D:3      | Noticed a shadow
  3090 | D:4      | Reached skill level 5 in Earth Magic
  3161 | D:4      | Reached XP level 7. HP: 22/40 MP: 6/12
  3334 | D:4      | Noticed Grinder
  3335 | D:4      | Paralysed by Grinder for 2 turns
  3357 | D:4      | Killed Grinder
  3358 | D:4      | Reached skill level 3 in Fighting
  3464 | D:4      | Identified the +1 ring mail "Xug Axt" {+Blink rF- Will+}
  4039 | D:4      | Noticed Natasha
  4043 | D:4      | Killed Natasha
  4093 | D:4      | Found a sacrificial altar of Ru.
  4540 | D:5      | Entered Level 5 of the Dungeon
  4568 | D:5      | Found a sand-covered staircase.
  4580 | Ossuary  | Entered an ossuary
  4594 | Ossuary  | Reached XP level 8. HP: 48/48 MP: 7/13
  4676 | Ossuary  | Reached skill level 4 in Fighting
  4820 | Ossuary  | Reached skill level 5 in Conjurations
  4930 | Ossuary  | Reached skill level 5 in Fighting
  5177 | Ossuary  | Reached XP level 9. HP: 55/55 MP: 7/15
  5531 | D:5      | Reached skill level 6 in Fighting
  6163 | D:6      | Reached skill level 5 in Spellcasting
  6179 | D:6      | Gained mutation: Your flesh is cold resistant. (rC+)
                  | [potion of mutation]
  6179 | D:6      | Gained mutation: You possess an exceptional clarity of
                  | mind. [potion of mutation]
  6179 | D:6      | Gained mutation: You are agile. (Dex +4, Str/Int -1)
                  | [potion of mutation]
  6179 | D:6      | Gained mutation: You are strong-willed. (Will+) [potion of
                  | mutation]
  6642 | D:6      | Reached skill level 7 in Fighting
  7148 | D:6      | Reached skill level 1 in Armour
  7206 | D:6      | Found a staircase to the Ecumenical Temple.
  7298 | D:6      | Found a glowing silver altar of Zin.
  7298 | D:6      | Noticed an angel
  7313 | D:6      | Found an ornate altar of the Wu Jian Council.
  7687 | Temple   | Entered the Ecumenical Temple
  7736 | Temple   | Became a worshipper of Vehumet
  7849 | D:7      | Noticed a hornet
  7859 | D:7      | Killed a hornet
  7911 | D:7      | Reached skill level 5 in Dodging
  8123 | D:7      | Found a basalt altar of Yredelemnul.
  8140 | D:7      | Identified the +7 flail "Deusse" {flame, rF- rN++ Int+2
                  | Dex-3}
  8174 | D:7      | Reached skill level 8 in Fighting
  8382 | D:7      | Noticed Joseph
  8399 | D:7      | Killed Joseph
  8400 | D:7      | Reached skill level 5 in Summonings
  8400 | D:7      | Reached XP level 10. HP: 56/64 MP: 1/18
  8764 | D:7      | Learned a level 3 spell: Conjure Flame
  9158 | D:8      | Reached skill level 1 in Fire Magic
  9488 | D:8      | Noticed Maggie
  9507 | D:8      | Killed Maggie
  9794 | D:8      | Reached * piety under Vehumet
  9794 | D:8      | Offered knowledge of Magic Dart by Vehumet.
 10192 | D:8      | Reached skill level 1 in Evocations
 10238 | D:8      | Reached skill level 5 in Armour
 10561 | D:8      | Found a snail-covered altar of Cheibriados.
 11066 | D:8      | Offered knowledge of Freeze by Vehumet.
 11087 | D:8      | Reached ** piety under Vehumet
 11816 | D:9      | Reached XP level 11. HP: 69/69 MP: 17/21
 11821 | D:9      | Reached skill level 9 in Fighting
 12172 | D:9      | Found a hide-covered altar of Uskayaw.
 12175 | D:9      | Found an iron altar of Okawaru.
 12175 | D:9      | Found a white marble altar of Elyvilon.
 12792 | D:9      | Learned a level 4 spell: Flame Wave
 13038 | D:10     | Entered Level 10 of the Dungeon
 13093 | D:10     | Offered knowledge of Dazzling Flash by Vehumet.
 13301 | D:10     | Noticed a centaur warrior
 13313 | D:10     | Killed a centaur warrior
 13569 | D:10     | Noticed Psyche
 13980 | D:10     | Noticed Fannar
 13992 | D:10     | Killed Fannar
 13993 | D:10     | Reached skill level 10 in Fighting
 14205 | D:10     | Found a stormy altar of Qazlal.
 14205 | D:10     | Found a burning altar of Makhleb.
 14205 | D:10     | Noticed a manticore
 14212 | D:10     | Killed a manticore
 14290 | D:10     | Reached *** piety under Vehumet
 14438 | D:10     | Noticed Maurice
 14443 | D:10     | Killed Maurice
 14601 | D:10     | Killed Psyche
 15224 | D:11     | Reached skill level 11 in Fighting
 15616 | D:11     | Offered knowledge of Iskenderun's Mystic Blast by Vehumet.
 15701 | D:11     | Reached XP level 12. HP: 76/80 MP: 24/24
 16004 | D:11     | Found a staircase to the Lair.
 16166 | D:11     | Found Aczeesh's Armour Shop.
 16228 | D:11     | Reached **** piety under Vehumet
 16447 | D:11     | Found a staircase to the Orcish Mines.
 16587 | D:12     | Reached skill level 12 in Fighting
 16665 | D:12     | Offered knowledge of Fireball by Vehumet.
 16683 | D:11     | Learned a level 5 spell: Fireball
 17123 | D:12     | Reached skill level 1 in Maces & Flails
 17273 | D:12     | Noticed a four-headed hydra
 17283 | D:12     | Killed a four-headed hydra
 17966 | D:12     | Identified the +1 ring mail "Vipn" {rF+ Str+5 Dex+8 Slay-3}
 17968 | D:12     | Identified the +0 leather armour of Bamerroe {+Blink rN+
                  | Int-3}
 18167 | D:13     | Noticed Nessos
 18340 | D:13     | Killed Nessos
 18511 | D:13     | Noticed Urug
 18529 | D:13     | Killed Urug
 18668 | D:13     | Noticed a six-headed hydra
 18684 | D:13     | Killed a six-headed hydra
 19036 | D:13     | Noticed a seven-headed hydra
 19045 | D:13     | Killed a seven-headed hydra
 19271 | D:13     | Noticed a catoblepas
 19278 | D:13     | Noticed Josephine
 19293 | D:13     | Killed a catoblepas
 19294 | D:13     | Reached XP level 13. HP: 62/87 MP: 25/25
 19302 | D:13     | Killed Josephine
 20104 | D:13     | Noticed Jorgrun
 20114 | D:13     | Killed Jorgrun
 20115 | D:13     | Reached skill level 5 in Fire Magic
 20992 | D:14     | Found a gate to the Vaults.
 20992 | D:14     | Noticed a vault guard
 20992 | D:14     | Noticed a vault guard
 20992 | D:14     | Noticed a vault guard
 20992 | D:14     | Noticed a vault guard
 21222 | D:13     | Killed a vault guard
 21359 | D:13     | Killed a vault guard
 21479 | D:13     | Killed a vault guard
 21584 | D:13     | Killed a vault guard
 21585 | D:13     | Reached skill level 13 in Fighting
 21918 | D:14     | Reached ***** piety under Vehumet
 22531 | D:14     | Reached skill level 5 in Stealth
 22531 | D:14     | Gained mutation: Your large and strong wings let you fly.
                  | [Gargoyle growth]
 22531 | D:14     | Reached XP level 14. HP: 13/94 MP: 20/27
 22967 | D:14     | Found the +5 robe of Night {Dark Will+ SInv}
 23148 | D:14     | Reached skill level 5 in Maces & Flails
 23245 | D:14     | Identified the +1 buckler "Wolij" {Harm Str+6}
 23874 | D:14     | Reached skill level 10 in Conjurations
 24363 | D:14     | Learned a level 4 spell: Leda's Liquefaction
 24402 | D:15     | Entered Level 15 of the Dungeon
 24612 | D:15     | Found a staircase to the Depths.
 24612 | D:15     | Noticed a stone giant
 24619 | D:15     | Killed a stone giant
 24637 | D:15     | Mangled by a red ugly thing

Illustrated notes

Levels and vault maps discovered:
D:1:      dpeg_arrival_snail, layout_basic, serial_bayou_pond_e,
          minmay_crystal_room, minmay_tromino_v7
D:2:      layout_loops_ring, dilly_ecumenical_altar_fadedgnrine,
          amcnicky_mini_corridor_feature, uniq_robin, uniq_crazy_yiuf_cottage,
          uniq_sigmund
D:3:      layout_loops_ring, riverfiend_overflow_shadow_ancestor
D:4:      layout_loops_cross, nicolae_ru_path_of_blood, uniq_natasha,
          uniq_grinder
D:5:      layout_loops_ring, serial_glass, glass_columns_a, glass_columns_a,
          glass_columns_a, glass_columns_a, enter_ossuary_3
D:6:      corexii_shantytown, layout_cave_pools, nicolae_wu_jian_glorious_leap,
          zin_angel, minmay_temple_entry_glass, grunt_ministairs_3, st_stairs_5
D:7:      layout_loops_ring, mainiacjoe_overflow_paths, uniq_joseph
D:8:      layout_basic, cheibriados_altar_1, uniq_maggie
D:9:      layout_roguey [special_room_orc], gammafunk_temple_overflow_forgotten,
          minmay_increasing_density
D:10:     layout_roguey, mainiacjoe_overflow_divided_tiny, uniq_maurice,
          uniq_fannar, uniq_psyche
D:11:     layout_rooms, dpeg_oklobed_lair, orc_david_3, special_room
          [special_room_orc], grunt_decor_arrowhead, hangedman_decor_lopped
D:12:     layout_cave_pools
D:13:     layout_roguey, uniq_urug, uniq_josephine, uniq_jorgrun, uniq_nessos
D:14:     layout_loops_ring, lightli_vaults_fourway_checkpoint,
          gauntlet_entry_generic, grunt_decor_junction,
          hellmonk_guarded_unrand_night
D:15:     grunt_enter_depths_giant_problem, layout_irregular_city
Temple:   eino_wide_crystal_templ

Skill      XL: |  1  2  3  4  5  6  7  8  9 10 11 12 13 14 |
---------------+-------------------------------------------+-----
Transmutations | 1 |  1.0
Earth Magic    | 4 5 |  5.1
Dodging        | 2 3 4 5 7 8 |  8.5
Fighting       | 1 2 3 5 8 11 12 13 | 13.4
Spellcasting   | 3 4 5 6 8 9 |  9.6
Conjurations   | 2 4 5 6 8 9 10 | 10.0
Summonings     | 1 2 3 5 |  5.0
Armour         | 3 5 6 7 |  7.9
Fire Magic     | 3 4 5 |  5.0
Evocations     | 2 3 |  3.0
Maces & Flails | 2 4 5 |  5.1
Stealth        | 5 |  5.0
Hexes          | |  0.5

Action                   |  1- 3 |  4- 6 |  7- 9 | 10-12 | 13-15 || total
-------------------------+-------+-------+-------+-------+-------++-------
Melee: Short sword       |    20 |     1 |       |       |       ||    21
       Hand axe          |     7 |       |       |       |       ||     7
       Whip              |       |    16 |   209 |   268 |       ||   493
       Punch             |       |       |     3 |     4 |     1 ||     8
       Flail             |       |       |       |     5 |   115 ||   120
 Fire: Sling             |       |    21 |    45 |    91 |     3 ||   160
Throw: Stone             |    19 |     5 |       |     6 |       ||    30
 Cast: Sandblast         |    40 |    56 |   101 |    93 |     6 ||   296
       Stone Arrow       |       |       |    59 |   197 |   107 ||   363
       Call Canine Famil |       |       |     2 |    45 |    30 ||    77
       Conjure Flame     |       |       |       |    27 |     9 ||    36
       Flame Wave        |       |       |       |    23 |    10 ||    33
       Fireball          |       |       |       |     6 |    19 ||    25
 Abil: Evoke Blink       |       |       |       |     1 |       ||     1
Evoke: Wand              |       |       |       |     2 |       ||     2
  Use: Scroll            |       |     2 |     9 |     1 |     1 ||    13
       Potion            |       |     1 |     8 |     4 |       ||    13
 Stab: Sleeping          |     1 |       |     5 |     1 |       ||     7
       Distracted        |       |       |       |     1 |       ||     1
Armor: Robe              |    18 |    11 |    13 |       |    71 ||   113
       Leather armour    |       |       |    82 |       |       ||    82
       Ring mail         |       |       |     3 |    73 |       ||    76
       Steam dragon scal |       |       |       |   290 |    86 ||   376
       Skin              |       |       |       |     2 |       ||     2
Dodge: Dodged            |    33 |    22 |   191 |   462 |   158 ||   866
Block: Other             |       |       |       |    60 |    29 ||    89
       Reflection        |       |       |       |     4 |     9 ||    13
       Buckler           |       |       |       |       |    72 ||    72
